TOP OF THE 1ST |
Madison Brewers batting - Pitching for Joplin Blasters : LHP Sean Walters
|
Pitching: LHP Sean Walters
|
|
Batting: RHB Ben Follett
|
0-0: Foul Ball, location: 2F 0-1: Ball 1-1: Ball 2-1: DOUBLE (Flyball, 89D, EV 102.5 MPH)
|
Batting: RHB Malcolm McCauley
|
0-0: Swinging Strike 0-1: Foul Ball, location: 2F 0-2: Foul Ball, location: 2F 0-2: Ball 1-2: Ball 2-2: Ball 3-2: Fly out, F9 (Flyball, 89M, EV 87.5 MPH)
|
Batting: RHB Jelani Griffin
|
0-0: Called Strike 0-1: Ball 1-1: Ball 2-1: Swinging Strike 2-2: Foul Ball, location: 2F 2-2: Foul Ball, location: 2F 2-2: Foul Ball, location: 2F 2-2: Ball 3-2: Foul Ball, location: 2F 3-2: SINGLE (Line Drive, 89M, EV 100.0 MPH) Ben Follett to third
|
Batting: LHB Bill Kovac
|
0-0: Ball 1-0: Ball 2-0: Ball 3-0: Base on Balls Jelani Griffin to second
|
Batting: LHB Danny Roberts
|
0-0: Fly out, F7 (Flyball, 7S, EV 96.2 MPH)
|
Batting: RHB Patrick Foote
|
0-0: Swinging Strike 0-1: Ball 1-1: Ball 2-1: Foul Ball, location: 2F 2-2: Ball 3-2: Base on Balls Ben Follett scores Jelani Griffin to third Bill Kovac to second
|
Batting: RHB Devin Tivis
|
0-0: Ball 1-0: Called Strike 1-1: Called Strike 1-2: Ball 2-2: Foul Ball, location: 2F 2-2: Ball 3-2: Base on Balls Jelani Griffin scores Bill Kovac to third Patrick Foote to second
|
Batting: RHB Dave Guevara
|
0-0: Ball 1-0: Foul Ball, location: 2F 1-1: Ground out 5-3 (Groundball, 56S, EV 87.5 MPH)
|
Top of the 1st over - 2 runs, 2 hits, 0 errors, 3 left on base; Madison 2 - Joplin 0 |
BOTTOM OF THE 1ST |
Joplin Blasters batting - Pitching for Madison Brewers : LHP Joel Congleton
|
Pitching: LHP Joel Congleton
|
|
Batting: RHB Angel Melendez
|
0-0: Ball 1-0: Ball 2-0: Foul Ball, location: 2F 2-1: Swinging Strike 2-2: Strikes out swinging
|
Batting: RHB Dustin Peterson
|
0-0: Fly out, F8 (Flyball, 8RD, EV 103.8 MPH)
|
Batting: RHB Mike McClung
|
0-0: Ground out U3 (Groundball, 3S, EV 70.0 MPH)
|
Bottom of the 1st over - 0 runs, 0 hits, 0 errors, 0 left on base; Madison 2 - Joplin 0 |
TOP OF THE 2ND |
Madison Brewers batting - Pitching for Joplin Blasters : LHP Sean Walters
|
Batting: LHB Andy Underwood
|
0-0: Ball 1-0: Ball 2-0: Ground out U3 (Groundball, 3, EV 102.5 MPH)
|
Batting: RHB Ben Follett
|
0-0: Ball 1-0: Foul Ball, location: 2F 1-1: Foul Ball, location: 2F 1-2: Ball 2-2: Ball 3-2: Foul Ball, location: 2F 3-2: Foul Ball, location: 2F 3-2: Base on Balls
|
Batting: RHB Malcolm McCauley
|
0-0: Called Strike 0-1: SINGLE (Flyball, 3D, EV 97.5 MPH) Ben Follett to second Runner from 2nd tries for 3rd, OUT! 9-5
|
Batting: RHB Jelani Griffin
|
0-0: Called Strike 0-1: Ball 1-1: Ball 2-1: DOUBLE (Line Drive, 7LS, EV 106.9 MPH) Malcolm McCauley to third
|
Batting: LHB Bill Kovac
|
0-0: Foul Ball, location: 2F 0-1: Swinging Strike 0-2: Fly out, F4 (Popup, 4, EV 76.9 MPH)
|
Top of the 2nd over - 0 runs, 2 hits, 0 errors, 2 left on base; Madison 2 - Joplin 0 |
BOTTOM OF THE 2ND |
Joplin Blasters batting - Pitching for Madison Brewers : LHP Joel Congleton
|
Batting: RHB Tanner Holland
|
0-0: Ball 1-0: Ball 2-0: Ground out 6-3 (Groundball, 56D, EV 98.8 MPH)
|
Batting: RHB Mike Stokes
|
0-0: Ball 1-0: Called Strike 1-1: Swinging Strike 1-2: Ball 2-2: Ball 3-2: Foul Ball, location: 2F 3-2: SINGLE (Groundball, 6MD, EV 100.0 MPH)
|
Batting: LHB Willie Marquez
|
0-0: Foul Ball, location: 2F 0-1: Called Strike 0-2: Ball 1-2: Strikes out swinging
|
Batting: RHB Nate Brewer
|
0-0: Called Strike 0-1: Ball 1-1: Ball 2-1: Swinging Strike 2-2: Ground out 4-3 (Groundball, 34, EV 104.4 MPH)
|
Bottom of the 2nd over - 0 runs, 1 hit, 0 errors, 1 left on base; Madison 2 - Joplin 0 |
TOP OF THE 3RD |
Madison Brewers batting - Pitching for Joplin Blasters : LHP Sean Walters
|
Pitching: RHP Robert Carlos
|
|
Batting: LHB Danny Roberts
|
0-0: Called Strike 0-1: Foul Ball, location: 2F 0-2: Ball 1-2: Strikes out swinging
|
Batting: RHB Patrick Foote
|
0-0: Ground out 6-3 (Groundball, 6, EV 107.5 MPH)
|
Batting: RHB Devin Tivis
|
0-0: Ball 1-0: Called Strike 1-1: Foul Ball, location: 2F 1-2: Foul Ball, location: 2F 1-2: SINGLE (Groundball, 6MD, EV 108.8 MPH)
|
Batting: RHB Dave Guevara
|
0-0: Ground out U3 (Groundball, 3, EV 81.9 MPH)
|
Top of the 3rd over - 0 runs, 1 hit, 0 errors, 1 left on base; Madison 2 - Joplin 0 |
BOTTOM OF THE 3RD |
Joplin Blasters batting - Pitching for Madison Brewers : LHP Joel Congleton
|
Batting: RHB Sean Walters
|
0-0: Called Strike 0-1: Swinging Strike 0-2: Fly out, F8 (Flyball, 8RD, EV 104.4 MPH)
|
Batting: LHB Josh Lane
|
0-0: Swinging Strike 0-1: Foul Ball, location: 2F 0-2: Strikes out swinging
|
Batting: RHB Angel Melendez
|
0-0: Called Strike 0-1: Ball 1-1: Ball 2-1: Ground out 5-3 (Groundball, 5S, EV 93.1 MPH)
|
Bottom of the 3rd over - 0 runs, 0 hits, 0 errors, 0 left on base; Madison 2 - Joplin 0 |
TOP OF THE 4TH |
Madison Brewers batting - Pitching for Joplin Blasters : RHP Robert Carlos
|
Batting: LHB Andy Underwood
|
0-0: SINGLE (Groundball, 4MD, EV 103.8 MPH)
|
Batting: RHB Ben Follett
|
0-0: Swinging Strike 0-1: Ball 1-1: Ball 2-1: Ball 3-1: Foul Ball, location: 2F 3-2: Base on Balls Andy Underwood to second
|
Batting: RHB Malcolm McCauley
|
0-0: Ball 1-0: Ball 2-0: Called Strike 2-1: Swinging Strike 2-2: Strikes out looking
|
Batting: RHB Jelani Griffin
|
0-0: Ball 1-0: Fly out, F4 (Popup, 13, EV 86.9 MPH)
|
Batting: LHB Bill Kovac
|
0-0: Ball 1-0: Ball 2-0: Called Strike 2-1: Foul Ball, location: 2F 2-2: Fly out, F7 (Flyball, 7, EV 83.8 MPH)
|
Top of the 4th over - 0 runs, 1 hit, 0 errors, 2 left on base; Madison 2 - Joplin 0 |
BOTTOM OF THE 4TH |
Joplin Blasters batting - Pitching for Madison Brewers : LHP Joel Congleton
|
Batting: RHB Dustin Peterson
|
0-0: Called Strike 0-1: Ground out 6-3 (Groundball, 6S, EV 65.6 MPH)
|
Batting: RHB Mike McClung
|
0-0: Foul Ball, location: 2F 0-1: Ball 1-1: SINGLE (Flyball, 9LS, EV 91.2 MPH)
|
Batting: RHB Tanner Holland
|
0-0: Ball 1-0: Fly out, F2 (Popup, 25F, EV 92.5 MPH)
|
Batting: RHB Mike Stokes
|
0-0: Ball 1-0: Swinging Strike 1-1: Called Strike 1-2: Foul Ball, location: 2F 1-2: Ball 2-2: Ball 3-2: Base on Balls Mike McClung to second
|
Batting: LHB Willie Marquez
|
0-0: Ball 1-0: Ball 2-0: Ball 3-0: Called Strike 3-1: Swinging Strike 3-2: Fly out, F3 (Popup, 3, EV 71.9 MPH)
|
Bottom of the 4th over - 0 runs, 1 hit, 0 errors, 2 left on base; Madison 2 - Joplin 0 |
TOP OF THE 5TH |
Madison Brewers batting - Pitching for Joplin Blasters : RHP Robert Carlos
|
Batting: LHB Danny Roberts
|
0-0: SINGLE (Groundball, 4MD, EV 94.4 MPH)
|
Batting: RHB Patrick Foote
|
0-0: Called Strike 0-1: Ball 1-1: Foul Ball, location: 2F 1-2: Foul Ball, location: 2F 1-2: Ball 2-2: Foul Ball, location: 2F 2-2: Foul Ball, location: 2F 2-2: SINGLE (Groundball, 34D, EV 96.9 MPH) Danny Roberts to second Runner from 2nd tries for 3rd, SAFE, throw by RF made to third
|
Batting: RHB Devin Tivis
|
0-0: Ball 1-0: Ball 2-0: Ball 3-0: Base on Balls Patrick Foote to second
|
Batting: RHB Dave Guevara
|
0-0: Ball 1-0: SINGLE (Groundball, 56, EV 97.5 MPH) Danny Roberts scores Patrick Foote to third Devin Tivis to second
|
Batting: LHB Andy Underwood
|
0-0: Ball 1-0: TRIPLE (Flyball, 8LXD, EV 85.6 MPH) Patrick Foote scores Devin Tivis scores Dave Guevara scores
|
Batting: RHB Ben Follett
|
0-0: Ball 1-0: SINGLE (Line Drive, 7LS, EV 105.0 MPH) Andy Underwood scores
|
Batting: RHB Malcolm McCauley
|
0-0: Ball 1-0: Called Strike 1-1: Ball 2-1: Ball 3-1: Foul Ball, location: 2RF, Error on foul ball, E2 3-2: SINGLE (Groundball, 34D, EV 95.0 MPH) Ben Follett to second Ben Follett to third
|
Batting: RHB Jelani Griffin
|
0-0: Called Strike 0-1: Swinging Strike 0-2: Ball 1-2: Ball 2-2: 3-RUN HOME RUN (Flyball, 78XD, EV 100.0 MPH), Distance : 403 ft
|
Pitching: RHP Rade Mamula
|
|
Batting: LHB Bill Kovac
|
0-0: Ball 1-0: Swinging Strike 1-1: Called Strike 1-2: Ball 2-2: Ball 3-2: Foul Ball, location: 2F 3-2: Fly out, F7 (Line Drive, 78M, EV 90.0 MPH)
|
Batting: LHB Danny Roberts
|
0-0: Foul Ball, location: 2F 0-1: Foul Ball, location: 2F 0-2: SINGLE (Flyball, 5D, EV 93.1 MPH)
|
Batting: RHB Patrick Foote
|
0-0: Fielders Choice at 2nd, 4-6 (Groundball, 4, EV 88.1 MPH)
|
Batting: RHB Devin Tivis
|
0-0: Ball 1-0: Called Strike 1-1: Fly out, F1 (Line Drive, P, EV 70.0 MPH)
|
Top of the 5th over - 8 runs, 8 hits, 1 error, 1 left on base; Madison 10 - Joplin 0 |
BOTTOM OF THE 5TH |
Joplin Blasters batting - Pitching for Madison Brewers : LHP Joel Congleton
|
Batting: RHB Nate Brewer
|
0-0: Called Strike 0-1: Ground out 6-3 (Groundball, 6, EV 90.0 MPH)
|
Batting: RHB Sean Walters
|
0-0: Ball 1-0: Ball 2-0: Called Strike 2-1: Ball 3-1: Fly out, F8 (Line Drive, 8RXD, EV 103.8 MPH)
|
Batting: LHB Josh Lane
|
0-0: Called Strike 0-1: Ball 1-1: Swinging Strike 1-2: Ball 2-2: Strikes out swinging
|
Bottom of the 5th over - 0 runs, 0 hits, 0 errors, 0 left on base; Madison 10 - Joplin 0 |
TOP OF THE 6TH |
Madison Brewers batting - Pitching for Joplin Blasters : RHP Rade Mamula
|
Batting: RHB Dave Guevara
|
0-0: Ground out 4-3 (Groundball, 4, EV 105.0 MPH)
|
Batting: LHB Andy Underwood
|
0-0: Ground out 5-3 (Groundball, 56, EV 104.4 MPH)
|
Batting: RHB Ben Follett
|
0-0: Ball 1-0: Ball 2-0: Called Strike 2-1: Foul Ball, location: 2F 2-2: Ball 3-2: SINGLE (Line Drive, 9S, EV 100.0 MPH)
|
Batting: RHB Malcolm McCauley
|
0-0: Ball Passed Ball! Ben Follett to second 1-0: Ball 2-0: Ball 3-0: Base on Balls
|
Batting: RHB Jelani Griffin
|
0-0: Called Strike 0-1: Ball 1-1: 3-RUN HOME RUN (Flyball, 7D, EV 100.0 MPH), Distance : 375 ft
|
Batting: LHB Bill Kovac
|
0-0: Ball 1-0: Foul Ball, location: 2F 1-1: Hit by Pitch
|
Batting: LHB Danny Roberts
|
0-0: Swinging Strike 0-1: Called Strike 0-2: Foul Ball, location: 2F 0-2: Foul Ball, location: 2F 0-2: Ball 1-2: Ball Wild Pitch! Bill Kovac to second 2-2: Ball 3-2: Ground out 6-3 (Groundball, 56, EV 87.5 MPH)
|
Top of the 6th over - 3 runs, 2 hits, 0 errors, 1 left on base; Madison 13 - Joplin 0 |
BOTTOM OF THE 6TH |
Joplin Blasters batting - Pitching for Madison Brewers : LHP Joel Congleton
|
Batting: RHB Angel Melendez
|
0-0: Ball 1-0: Called Strike 1-1: Foul Ball, location: 2F 1-2: Strikes out swinging
|
Batting: RHB Dustin Peterson
|
0-0: Ground out 5-3 (Groundball, 56, EV 85.6 MPH)
|
Batting: RHB Mike McClung
|
0-0: Called Strike 0-1: Called Strike 0-2: Foul Ball, location: 2F 0-2: Foul Ball, location: 2F 0-2: Ball 1-2: Ball 2-2: Strikes out swinging
|
Bottom of the 6th over - 0 runs, 0 hits, 0 errors, 0 left on base; Madison 13 - Joplin 0 |
TOP OF THE 7TH |
Madison Brewers batting - Pitching for Joplin Blasters : RHP Rade Mamula
|
Batting: RHB Patrick Foote
|
0-0: Swinging Strike 0-1: Ball 1-1: Swinging Strike 1-2: Strikes out swinging
|
Batting: RHB Devin Tivis
|
0-0: Called Strike 0-1: Foul Ball, location: 2F 0-2: DOUBLE (Line Drive, 9LS, EV 98.1 MPH)
|
Batting: RHB Dave Guevara
|
0-0: Swinging Strike 0-1: Ball Wild Pitch! Devin Tivis to third 1-1: Called Strike 1-2: SINGLE (Groundball, 6MD, EV 95.6 MPH) Devin Tivis scores
|
Pitching: RHP Jaden Brown
|
|
Batting: LHB Andy Underwood
|
0-0: Called Strike 0-1: Foul Ball, location: 2F 0-2: Ball 1-2: Ball 2-2: Strikes out swinging
|
Pinch Hitting: RHB Jordan Dugue
|
0-0: Called Strike 0-1: Ball 1-1: Ground out 4-3 (Groundball, 34, EV 93.1 MPH)
|
Top of the 7th over - 1 run, 2 hits, 0 errors, 1 left on base; Madison 14 - Joplin 0 |
BOTTOM OF THE 7TH |
Joplin Blasters batting - Pitching for Madison Brewers : LHP Joel Congleton
|
Now at 1B: Ryan Cleveland
|
|
Pinch Hitting: RHB Kevin Lea
|
0-0: Ball 1-0: Foul Ball, location: 2F 1-1: Foul Ball, location: 2F 1-2: Ball 2-2: Ball 3-2: Foul Ball, location: 2F 3-2: SINGLE (Groundball, P, EV 87.5 MPH) (infield hit)
|
Batting: RHB Mike Stokes
|
0-0: Ground out 5-3 (Groundball, 56, EV 104.4 MPH) Kevin Lea to second
|
Batting: LHB Willie Marquez
|
0-0: Fly out, F9 (Line Drive, 89M, EV 111.2 MPH)
|
Batting: RHB Nate Brewer
|
0-0: Ball 1-0: Fly out, F8 (Flyball, 89D, EV 81.2 MPH)
|
Bottom of the 7th over - 0 runs, 1 hit, 0 errors, 1 left on base; Madison 14 - Joplin 0 |
TOP OF THE 8TH |
Madison Brewers batting - Pitching for Joplin Blasters : RHP Jaden Brown
|
Now at 1B: Kevin Lea
|
|
Pinch Hitting: LHB Moriaki Saito
|
0-0: Ball 1-0: Foul Ball, location: 2F 1-1: Called Strike 1-2: Foul Ball, location: 2F 1-2: Foul Ball, location: 2F 1-2: Ball 2-2: SINGLE (Groundball, 6MS, EV 69.4 MPH) (infield hit)
|
Batting: RHB Jelani Griffin
|
0-0: Ball 1-0: Ball 2-0: Swinging Strike 2-1: Ball 3-1: Foul Ball, location: 2F 3-2: Fielders Choice at 2nd, 3-6 (Groundball, 34, EV 85.0 MPH)
|
Batting: LHB Bill Kovac
|
0-0: Fly out, F7 (Flyball, 7LSF, EV 97.5 MPH)
|
Batting: LHB Danny Roberts
|
0-0: Ball 1-0: Ball 2-0: Called Strike 2-1: Ball 3-1: Base on Balls Jelani Griffin to second
|
Batting: RHB Patrick Foote
|
0-0: Called Strike 0-1: Fielders Choice at 2nd, 6-4 (Groundball, 56, EV 110.0 MPH)
|
Top of the 8th over - 0 runs, 1 hit, 0 errors, 2 left on base; Madison 14 - Joplin 0 |
BOTTOM OF THE 8TH |
Joplin Blasters batting - Pitching for Madison Brewers : LHP Joel Congleton
|
Now in CF: Andy Underwood
|
|
Now in RF: Edwin Vasquez
|
|
Batting: RHB Cody Marshall
|
0-0: Called Strike 0-1: Ball 1-1: Foul Ball, location: 2F 1-2: Ball 2-2: Foul Ball, location: 2F 2-2: Ball 3-2: Foul Ball, location: 2F 3-2: Strikes out swinging
|
Pinch Hitting: RHB Colin Padgett
|
0-0: Ball 1-0: Called Strike 1-1: Foul Ball, location: 2F 1-2: Ball 2-2: Ball 3-2: Foul Ball, location: 2F 3-2: Foul Ball, location: 2F 3-2: Base on Balls
|
Pinch Hitting: RHB Carlos Castillo
|
0-0: Swinging Strike 0-1: SINGLE (Groundball, 15S, EV 68.1 MPH) (infield hit) Colin Padgett to second
|
Pitching: LHP Dale Troutman
|
|
Batting: RHB Dustin Peterson
|
0-0: Foul Ball, location: 2F 0-1: Ball 1-1: Ball 2-1: Ball 3-1: Base on Balls Colin Padgett to third Carlos Castillo to second
|
Batting: RHB Mike McClung
|
0-0: Ball 1-0: Called Strike 1-1: Ball 2-1: Foul Ball, location: 2F 2-2: Ground out 5-3 (Groundball, 56S, EV 72.5 MPH) Colin Padgett scores Carlos Castillo to third Dustin Peterson to second
|
Batting: RHB Kevin Lea
|
0-0: Called Strike 0-1: Foul Ball, location: 2F 0-2: Foul Ball, location: 2F 0-2: Ball 1-2: Foul Ball, location: 2F 1-2: Ball 2-2: Strikes out swinging
|
Bottom of the 8th over - 1 run, 1 hit, 0 errors, 2 left on base; Madison 14 - Joplin 1 |
TOP OF THE 9TH |
Madison Brewers batting - Pitching for Joplin Blasters : RHP Jaden Brown
|
Now at 1B: Colin Padgett
|
|
Now at 2B: Bobby Leon
|
|
Now at 3B: Kevin Lea
|
|
Pinch Hitting: LHB Jackson Wither
|
0-0: Ball 1-0: Ball 2-0: Swinging Strike 2-1: Called Strike 2-2: Ball 3-2: Base on Balls
|
Batting: RHB Dave Guevara
|
0-0: Ball 1-0: Swinging Strike 1-1: Fly out, F9 (Flyball, 9LM, EV 93.8 MPH)
|
Pinch Hitting: RHB Mario Lopez
|
0-0: Foul Ball, location: 2F 0-1: Ball 1-1: DOUBLE (Line Drive, 78XD, EV 101.2 MPH) Jackson Wither to third Runner from 3rd tries for Home, SAFE, throw by CF to trailing runner, OUT at third! 8-3-5
|
Pinch Hitting: RHB Ivan Rivera
|
0-0: Foul Ball, location: 2F 0-1: Foul Ball, location: 2F 0-2: Ball 1-2: Ball 2-2: Strikes out swinging
|
Top of the 9th over - 1 run, 1 hit, 0 errors, 0 left on base; Madison 15 - Joplin 1 |
BOTTOM OF THE 9TH |
Joplin Blasters batting - Pitching for Madison Brewers : LHP Dale Troutman
|
Now at 1B: Mario Lopez
|
|
Now at 2B: Jackson Wither
|
|
Now in CF: Sammar Wambugu
|
|
Batting: RHB Mike Stokes
|
0-0: Swinging Strike 0-1: Ball 1-1: SOLO HOME RUN (Flyball, 9D, EV 99.4 MPH), Distance : 394 ft
|
Pinch Hitting: RHB Esteban Acuna
|
0-0: Foul Ball, location: 2F 0-1: Ball 1-1: SINGLE (Flyball, 8RS, EV 88.1 MPH)
|
Pinch Hitting: RHB Luis Mendoza
|
0-0: Foul Ball, location: 2F 0-1: Foul Ball, location: 2F 0-2: Ball 1-2: Foul Ball, location: 2F 1-2: Ball 2-2: Foul Ball, location: 2F 2-2: DOUBLE (Line Drive, 78D, EV 101.2 MPH) Esteban Acuna to third
|
Pitching: RHP Jonathan Kurth
|
|
Batting: RHB Cody Marshall
|
0-0: Foul Ball, location: 2F 0-1: Ball 1-1: Ball 2-1: Ground out 6-3 (Groundball, 6, EV 104.4 MPH) Esteban Acuna scores
|
Batting: RHB Colin Padgett
|
0-0: Swinging Strike 0-1: Ball 1-1: Ball 2-1: Ball 3-1: Swinging Strike 3-2: Strikes out swinging
|
Pinch Hitting: RHB Abban Sartika
|
0-0: Ball 1-0: Ball 2-0: Ball 3-0: Called Strike 3-1: Called Strike 3-2: Foul Ball, location: 2F 3-2: Strikes out swinging
|
Bottom of the 9th over - 2 runs, 3 hits, 0 errors, 1 left on base; Madison 15 - Joplin 3 |
|